 Dungeon Crawl Stone Soup version 0.26-a0-30-g56b8cd3df0 (webtiles) character file.

Game seed: 16365120589464048424, levelgen mode: deterministic

26 vurker the Grave Robber (level 2, -4/20 HPs)
             Began as a Demonspawn Necromancer on June 3, 2020.
             Slain by Crazy Yiuf
             ... wielding a +3 quarterstaff of chaos
              (7 damage)
             ... on level 2 of the Dungeon.
             The game lasted 00:01:28 (2294 turns).

vurker the Grave Robber (Demonspawn Necromancer)    Turns: 2294, Time: 00:01:28

Health: -4/20      AC:  3    Str:  8    XL:     2   Next: 89%
Magic:  2/5        EV: 12    Int: 16    God:
Gold:   100        SH:  0    Dex: 13    Spells: 5/6 levels left

rFire    . . .     SeeInvis .   (no weapon)
rCold    . . .     Gourm    .   (no shield)
rNeg     . . .     Faith    .   a - +0 robe
rPois    .         Spirit   .   (no helmet)
rElec    .         Reflect  .   (no cloak)
rCorr    .         Harm     .   (no gloves)
MR       .....                  (no boots)
Stlth    ++........             (no amulet)
HPRegen  0.06/turn              (no ring)
MPRegen  0.09/turn              (no ring)

@: lethally poisoned (-4 -> -18)
A: rugged brown scales 1
a: no special abilities


You were on level 2 of the Dungeon.
You were not hungry.

You visited 1 branch of the dungeon, and saw 2 of its levels.

You collected 100 gold pieces.

Inventory:

Armour
 a - a +0 robe (worn)
Wands
 t - a wand of flame (21)
   (You found it on level 2 of the Dungeon)
Scrolls
 b - 2 scrolls of magic mapping {unknown}
 c - 2 scrolls of enchant armour {unknown}
 f - 3 scrolls of identify {unknown}
 g - a scroll of noise {unknown}
 i - a scroll of enchant weapon {unknown}
 k - a scroll of teleportation {unknown}
Potions
 d - 3 potions of heal wounds {unknown}
 h - a potion of might {unknown}
 j - a potion of experience {unknown}
Comestibles
 e - 6 rations
 l - a chunk of flesh


   Skills:
 + Level 0.9 Fighting
 - Level 1.7 Dodging
 - Level 1.7 Stealth
 * Level 2.5 Spellcasting
 * Level 4.8 Necromancy


You had 5 spell levels left.
You knew the following spells:

 Your Spells              Type           Power        Failure   Level  Hunger
a - Pain                  Necr           ###.         2%          1    #......

Your spell library contained the following spells:

 Spells                   Type           Power        Failure   Level  Hunger
 Animate Skeleton         Necr           N/A          2%          1    #......
 Vampiric Draining        Necr           ###.......   8%          3    ###....
 Animate Dead             Necr           N/A          26%         4    #####..
 Agony                    Necr           ###.....     58%         5    ######.


Dungeon Overview and Level Annotations

Branches:
Dungeon (2/15)

Altars:

Annotations:
D:2 Crazy Yiuf


Innate Abilities, Weirdness & Mutations

You are partially covered in rugged brown scales. (AC +1, +3% HP)


Message History

There is an open door here.
You open the door.
There is an open door here.
Found 6 gold pieces.
You now have 100 gold pieces (gained 6).
A jackal comes into view.
A jackal is nearby!
A jackal is nearby!
A jackal comes into view.
The jackal barks!
Aim: a jackal (chance to defeat MR: 87%)
The jackal writhes in agony.
The jackal bites you but does no damage.
Aim: a jackal (heavily wounded, chance to defeat MR: 87%)
The jackal writhes in agony.
You kill the jackal!
Aim: a jackal (chance to defeat MR: 87%)
The jackal writhes in agony!
You kill the jackal!
You can't see any susceptible monsters within range! (Use Z to cast anyway.)
You butcher the jackal corpse.
l - 2 chunks of flesh You see here a jackal skeleton. x2
There is a shaft here.
There is a stone staircase leading down here.
You see here a +0 club.
You open the door.
There is an open door here.
There is an open door here.
Eating one of 2 chunks of flesh.
You eat one of the 2 chunks of flesh.
Crazy Yiuf shouts!
Crazy Yiuf grits, "Citrus hog hand!"
You open the door.
Aim: Crazy Yiuf, wielding a +3 quarterstaff of chaos and wearing a +0 cloak (chance to defeat MR: 82%) Crazy Yiuf writhes in agony.
Crazy Yiuf hits you with a +3 quarterstaff of chaos!
Crazy Yiuf burns you.
Aim: Crazy Yiuf, wielding a +3 quarterstaff of chaos and wearing a +0 cloak (moderately wounded, chance to defeat MR: 82%) Crazy Yiuf writhes in agony.
Crazy Yiuf hits you with a +3 quarterstaff of chaos.
* * * LOW HITPOINT WARNING * * *
You are lethally poisoned!
Unknown command.
Aim: Crazy Yiuf, wielding a +3 quarterstaff of chaos and wearing a +0 cloak (heavily wounded, chance to defeat MR: 82%) Crazy Yiuf writhes in agony.
* * * LOW HITPOINT WARNING * * *
You feel sick.
Crazy Yiuf screams, "Cards head pizzabubble!"
Crazy Yiuf hits you with a +3 quarterstaff of chaos!
You die...

######.#..##.###.......##
# #......#.###.#
##.....## #.####.#.# #.#
##...## #.# ##### ###
##'## #.# #.# #.# #.#
#.###♣♣ ### #.## #.....♣♣
♣♣#..)# #..##
#......♣♣♣♣@g...#
#...####
##......♣..♣#...#
#......# ##....♣.♣♣♣ ###
#..###.### ###♣♣♣♣♣
#......... #.####.###
##.# #.# #..####.#
#.).....# ##.######


You could see Crazy Yiuf.

Vanquished Creatures
  A ball python (D:2)
  A goblin (D:1)
  4 hobgoblins
  4 jackals
  5 bats
  6 frilled lizards
  2 kobolds (D:1)
  3 rats
26 creatures vanquished.

Notes
Turn   | Place    | Note
-------+----------+-------------------------------------------
     0 | D:1      | vurker the Demonspawn Necromancer began the quest for the
                  | Orb.
     0 | D:1      | Reached XP level 1. HP: 13/13 MP: 3/3
   627 | D:1      | Gained mutation: You are partially covered in rugged brown
                  | scales. (AC +1, +3% HP) [demonic ancestry]
   627 | D:1      | Reached XP level 2. HP: 14/20 MP: 3/5
  1989 | D:2      | Found a runed translucent door.
  1990 | D:2      | Noticed Crazy Yiuf
  2294 | D:2      | Slain by Crazy Yiuf

Illustrated notes

Levels and vault maps discovered:
D:1:      heliophobic_arrival_ceremonial_halls, layout_loops_corners
D:2:      layout_loops_corners, kennysheep_generic_room_8,
          uniq_crazy_yiuf_cottage

Action                   || total
-------------------------++-------
 Cast: Pain              ||    43
  Eat: Chunk             ||     5
Armor: Robe              ||     1
Dodge: Dodged            ||     1

Table legend:
 A = Non-vault XP
 B = Vault XP
 C = Vault XP percentage of total XP
 D = Non-vault monster count
 E = Vault monster count
 F = Vault count percentage of total count
                 A         B        C        D         E       F
            +---------+---------+-------+---------+---------+-------
      Total |      37 |       1 |   2.6 |      25 |       1 |   3.8
            +---------+---------+-------+---------+---------+-------
        D:1 |      22 |       0 |   0.0 |      15 |       0 |   0.0
        D:2 |      15 |       1 |   6.2 |      10 |       1 |   9.1
            +---------+---------+-------+---------+---------+-------
